 Dungeon Crawl Stone Soup version 0.21-a0-94-gdd6ab6a (webtiles) character file.

490 madjesty the Chopper (level 6, -1/56 HPs)
             Began as a Minotaur Berserker on July 2, 2017.
             Was a Priest of Trog.
             Slain by a gnoll (2 damage)
             ... on level 3 of the Dungeon.
             The game lasted 00:09:46 (2623 turns).

madjesty the Chopper (Minotaur Berserker)           Turns: 2623, Time: 00:09:46

Health: -1/56      AC:  9    Str: 22    XL:     6   Next: 90%
Magic:  5/5        EV: 12    Int:  4    God:    Trog [***...]
Gold:   142        SH:  0    Dex: 11    Spells: 5/5 levels left

rFire    + . .     SeeInvis .   v - +0 war axe
rCold    . . .     Gourm    .   (no shield)
rNeg     . . .     Faith    .   p - +2 ring mail {rF+}
rPois    .         Spirit   .   (helmet restricted)
rElec    .         Reflect  .   (no cloak)
rCorr    .         Harm     .   (no gloves)
MR       .....                  d - +0 pair of boots
Stlth    +.........             (no amulet)
HPRegen  0.18/turn              (no ring)
MPRegen  0.09/turn              (no ring)

@: lethally poisoned (-1 -> -6), flying, fainting
A: retaliatory headbutt, horns 2
a: Berserk, Trog's Hand, Burn Spellbooks, Renounce Religion


You were on level 3 of the Dungeon.
You worshipped Trog.
Trog was most pleased with you.
You were fainting.

You visited 1 branch of the dungeon, and saw 3 of its levels.

You collected 142 gold pieces.

Inventory:

Hand Weapons
 a - a +0 hand axe
 o - a cursed -1 hand axe
 v - a +0 war axe (weapon)
Missiles
 h - 33 bolts
 w - 2 stones (quivered)
Armour
 b - a +0 animal skin
 d - a +0 pair of boots (worn)
 e - a +1 ring mail
 n - a +0 ring mail
 p - a +2 ring mail of fire resistance (worn)
 s - a +0 helmet
Jewellery
 x - a cursed -2 ring of protection {unknown}
Wands
 l - a wand of digging (4/24)
Scrolls
 i - a scroll of recharging {unknown}
 j - 2 scrolls of enchant armour
 k - a scroll of enchant weapon {unknown}
 m - 2 scrolls of magic mapping {unknown}
 q - a scroll of blinking {unknown}
 u - a scroll of identify
Potions
 g - 3 potions of curing
Comestibles
 c - 6 bread rations
 t - a royal jelly


   Skills:
 + Level 5.4 Fighting
 * Level 6.7 Axes
 + Level 4.3 Armour
 + Level 4.0 Dodging


You had 5 spell levels left.
You didn't know any spells.

Dungeon Overview and Level Annotations

Branches:
Dungeon (3/15)

Altars:
Kikubaaqudgha
Qazlal


Innate Abilities, Weirdness & Mutations

You reflexively headbutt those who attack you in melee.
You have a pair of horns on your head.


Message History

You feel less invigorated.
You feel less confused.
* * * LOW HITPOINT WARNING * * *
You feel sick. The kobold closely misses you.
* * * LOW HITPOINT WARNING * * *
You feel sick.
* * * LOW HITPOINT WARNING * * *
You feel sick.
The kobold throws a stone.
The stone barely misses you.
You are too injured to fight recklessly!
You are too injured to fight recklessly!
You are too injured to fight recklessly!
* * * LOW HITPOINT WARNING * * *
You feel sick. The kobold closely misses you. You furiously retaliate!
You headbutt the kobold.
You kill the kobold!
Trog accepts your kill. The gnoll barely misses you.
* * * LOW HITPOINT WARNING * * *
You feel sick. The gnoll hits you but does no damage. The gnoll hits you.
You die...

##### ########$$$# ....##
##......#$$$#
.....###.(((().#$$$
......#..(..)).##'#
......#.(.......).#
......'...........#
.....(#.........).#
......#(.......##g##
.....###.......#@g)# ....##
##......#...#
################.(.#≈≈≈≈≈≈≈#
≈≈≈≈≈≈≈≈≈≈≈≈≈≈≈#####≈≈≈≈≈≈≈#
≈≈≈≈≈≈≈≈≈≈≈≈≈≈≈≈≈≈≈≈≈≈≈≈≈≈≈#
≈≈≈≈≈≈≈≈≈≈≈≈≈≈≈≈≈≈≈≈≈≈≈≈≈≈≈#
.≈≈≈≈≈≈≈≈≈≈≈≈....≈≈.≈.≈≈..≈#
...........................#
...........................#


You could see 2 gnolls.

Vanquished Creatures
  4 big kobolds (D:3)
  An orc wizard (D:3)
  A worker ant (D:3)
  5 adders
  An ooze (D:1)
  A worm (D:2)
  3 dart slugs
  4 leopard geckos
  3 orcs (D:3)
  5 bats (D:1)
  6 giant cockroaches
  3 goblins
  15 hobgoblins
  4 jackals (D:3)
  39 kobolds
  A quokka (D:3)
  2 ball pythons (D:2)
  3 frilled lizards
  6 rats
107 creatures vanquished.

Notes
Turn   | Place    | Note
-------+----------+-------------------------------------------
     0 | D:1      | madjesty the Minotaur Berserker began the quest for the Orb.
     0 | D:1      | Reached XP level 1. HP: 19/19 MP: 0/0
   402 | D:1      | Reached XP level 2. HP: 27/27 MP: 1/1
   575 | D:1      | Reached skill level 4 in Axes
   885 | D:2      | Reached XP level 3. HP: 33/33 MP: 2/2
  1050 | D:2      | Found an ancient bone altar of Kikubaaqudgha.
  1180 | D:2      | Reached ** piety under Trog
  1398 | D:2      | Reached XP level 4. HP: 41/41 MP: 3/3
  1689 | D:3      | Found a glowing drain.
  1792 | D:3      | Reached skill level 5 in Axes
  2020 | D:3      | Reached XP level 5. HP: 40/47 MP: 4/4
  2072 | D:3      | Found a stormy altar of Qazlal.
  2074 | D:3      | Noticed a fire elemental
  2075 | D:3      | Noticed an air elemental
  2075 | D:3      | Noticed a water elemental
  2316 | D:3      | Reached skill level 5 in Fighting
  2352 | D:3      | Reached XP level 6. HP: 50/56 MP: 5/5
  2394 | D:3      | Reached skill level 6 in Axes
  2410 | D:3      | Reached *** piety under Trog
  2614 | D:3      | HP: 2/56 [poisoned by a kobold]
  2621 | D:3      | HP: 2/56 [poisoned by a kobold]
  2623 | D:3      | Slain by a gnoll

Vault maps used:
D:1:      dpeg_arrival_rooms_c
D:2:      kiku_gazebo_garden_becter, serial_forest, infiniplex_forest_split,
          infiniplex_forest_lined_3, infiniplex_forest_lined_3,
          infiniplex_forest_straight_5, infiniplex_forest_end_1,
          infiniplex_forest_lined_4_way, infiniplex_forest_clump_double,
          infiniplex_forest_lined_ring, infiniplex_forest_pool,
          infiniplex_forest_side_room
D:3:      minmay_goblin_kobold_castle, nicolae_qazlal_style_of_elements,
          gup_sewer_entry_glass, first_bread, uniq_grinder

Skill      XL: |  1  2  3  4  5  6 |
---------------+-------------------+-----
Fighting       | 4 5 |  5.4
Axes           | 4 5 6 |  6.7
Armour         | 3 4 |  4.3
Dodging        | 3 4 |  4.0

Action                   |  1- 3 |  4- 6 || total
-------------------------+-------+-------++-------
Melee: Hand axe          |    67 |    61 ||   128
       Headbutt          |     9 |    23 ||    32
       War axe           |       |    82 ||    82
Invok: Berserk           |     2 |     4 ||     6
  Use: Scroll            |     3 |       ||     3
       Potion            |       |     3 ||     3
  Eat: Chunk             |     3 |     6 ||     9
Armor: Ring mail         |    18 |    68 ||    86
Dodge: Dodged            |    38 |   150 ||   188
